 Dungeon Crawl Stone Soup version 0.28.0-43-g3370ac3207 (webtiles) character file.

Game seed: 12131689016409126829

93 safid the Chopper (level 4, 0/40 HPs)
             Began as a Hill Orc Fighter on Mar 25, 2022.
             Succumbed to an adder's poison
             ... on level 2 of the Dungeon.
             The game lasted 00:01:33 (1567 turns).

safid the Chopper (Hill Orc Fighter)                Turns: 1567, Time: 00:01:34

Health: 0/40       AC:  7    Str: 20    XL:     4   Next: 61%
Magic:  4/4        EV:  9    Int:  8    God:
Gold:   87         SH:  4    Dex: 10    Spells: 3/3 levels left

rFire   . . .      SeeInvis .   a - +0 war axe
rCold   . . .      Faith    .   c - +0 buckler
rNeg    . . .      Spirit   .   b - +0 scale mail
rPois   .          Reflect  .   (no helmet)
rElec   .          Harm     .   (no cloak)
rCorr   .          Rampage  .   (no gloves)
Will    .....                   (no boots)
Stlth   ..........              (no amulet)
HPRegen 0.13/turn               (no ring)
MPRegen 0.09/turn               (no ring)

@: lethally poisoned (0 -> -7)
A: no striking features
a: no special abilities


You were on level 2 of the Dungeon.
You visited 1 branch of the dungeon, and saw 2 of its levels.

You collected 87 gold pieces.

Inventory:

Hand Weapons
 a - a +0 war axe (weapon)
Armour
 b - a +0 scale mail (worn)
 c - a +0 buckler (worn)
Jewellery
 f - a ring of magical power
Scrolls
 g - a scroll of identify {unknown}
Potions
 d - a potion of might
 e - a potion of heal wounds {unknown}


   Skills:
 - Level 4.0 Fighting
 + Level 4.6 Axes
 - Level 4.0 Armour
 - Level 4.0 Shields


You had 3 spell levels left.
You didn't know any spells.
Your spell library was empty.

Dungeon Overview and Level Annotations

Branches:
Dungeon (2/15)

Altars:

Shops:
D:1 (


Message History

You are too injured to fight recklessly!
You are too injured to fight recklessly!
You miss the adder.
The adder is heavily wounded.
You feel very sick. The adder closely misses you.
Unknown command.
You miss the adder.
The adder is heavily wounded.
You feel sick. The adder closely misses you. x2
You completely miss the adder.
The adder is heavily wounded.
You feel sick. The adder closely misses you. x2
You closely miss the adder.
The adder is heavily wounded.
You feel sick. The adder bites you but does no damage.
You closely miss the adder.
The adder is heavily wounded.
You feel sick. The adder closely misses you. The adder bites you.
* * * LOW HITPOINT WARNING * * *
You hit the adder.
The adder is heavily wounded.
You feel sick.
You are no longer poisoned.
The adder bites you but does no damage. You block the adder's attack.
You closely miss the adder.
The adder is heavily wounded.
The adder bites you but does no damage.
You barely miss the adder.
The adder is heavily wounded.
The adder bites you.
* * * LOW HITPOINT WARNING * * *
You are poisoned.
The adder poisons you! The adder bites you.
* * * LOW HITPOINT WARNING * * *
You are more poisoned.
The adder poisons you!
You hit the adder.
The adder is severely wounded.
You die...

#....#.####..#.#
#....#...#.....#
#....###.#.#...#
#....# .#.##..#
####.# #.##..# #...
#.....#######
##########.........
#......>.......
#...S@.........
#..............
...........######
........)..#
...........#
...........#
####.####### #.


You could see an adder.

Vanquished Creatures
  Natasha (twice) (D:2)
  An adder (D:2)
  2 dart slugs (D:1)
  An endoplasm (D:1)
  3 giant cockroaches (D:1)
  3 goblins (D:1)
  3 hobgoblins (D:1)
  2 kobolds (D:1)
  4 quokkas
  2 ball pythons
  2 bats (D:1)
  4 frilled lizards (D:1)
  A rat (D:2)
30 creatures vanquished.

Notes
Turn   | Place    | Note
-------+----------+-------------------------------------------
     0 | D:1      | safid the Hill Orc Fighter began the quest for the Orb.
     0 | D:1      | Reached XP level 1. HP: 19/19 MP: 1/1
   269 | D:1      | Reached XP level 2. HP: 21/27 MP: 2/2
   408 | D:1      | Found Qodwapp's Weapon Shop.
   551 | D:1      | Found a faded altar of an unknown god.
   555 | D:1      | Reached XP level 3. HP: 30/33 MP: 3/3
   972 | D:2      | Noticed Natasha
   988 | D:2      | Killed Natasha
   989 | D:2      | Reached XP level 4. HP: 4/40 MP: 4/4
  1160 | D:2      | Noticed Natasha
  1347 | D:2      | Killed Natasha
  1567 | D:2      | Succumbed to an adder's poison

Illustrated notes

Levels and vault maps discovered:
D:1:      dpeg_arrival_ternary, layout_basic, serial_shops,
          nicolae_shop_bloodbath_and_beyond, ebering_ecumenical_altar_mist,
          minivault_14
D:2:      layout_basic, kennysheep_boxes, uniq_natasha, uniq_terence

Skill      XL: |  1  2  3 |
---------------+----------+-----
Axes           | 3 4 |  4.6
Fighting       | 4 |  4.0
Armour         | 4 |  4.0
Shields        | 4 |  4.0

Action                   |  1- 3 |  4- 6 || total
-------------------------+-------+-------++-------
Melee: War axe           |    92 |    31 ||   123
Armor: Scale mail        |    48 |    10 ||    58
Dodge: Dodged            |    39 |    17 ||    56
Block: Buckler           |    23 |     4 ||    27
